 Dungeon Crawl Stone Soup version 0.27.0-1-g7a089689b8 (webtiles) character file.

Game seed: 3891160375366256473

2207 lnt the Cleaver (level 9, -10/70 HPs)
             Began as a Minotaur Berserker on Aug 13, 2021.
             Was a Priest of Trog.
             Hit by a javelin thrown by a vampire (15 damage)
             ... on level 6 of the Dungeon.
             The game lasted 00:12:56 (7338 turns).

lnt the Cleaver (Minotaur Berserker)                Turns: 7338, Time: 00:12:57

Health: -10/70     AC:  9    Str: 25    XL:     9   Next: 13%
Magic:  8/8        EV:  8    Int:  4    God:    Trog [***...]
Gold:   298        SH: 10    Dex: 10    Spells: 8/8 levels left

rFire    . . .     SeeInvis +   a - +0 hand axe
rCold    + . .     Faith    .   w - +0 kite shield
rNeg     . . .     Spirit   .   h - +3 scale mail {rC+}
rPois    .         Reflect  .   m - +0 hat
rElec    .         Harm     .   (no cloak)
rCorr    .         Rampage  .   (no gloves)
Will     .....                  (no boots)
Stlth    ..........             (no amulet)
HPRegen  0.21/turn              d - ring of see invisible
MPRegen  0.11/turn              (no ring)

@: on berserk cooldown, slowed, very slow
A: horns 2, retaliatory headbutt
a: Renounce Religion, Berserk, Trog's Hand


You were on level 6 of the Dungeon.
You worshipped Trog.
Trog was most pleased with you.
You visited 1 branch of the dungeon, and saw 6 of its levels.

You collected 298 gold pieces.

Inventory:

Hand Weapons
 a - a +0 hand axe (weapon)
Missiles
 t - a throwing net (quivered)
Armour
 h - a +3 scale mail of cold resistance (worn)
 m - a +0 hat (worn)
 w - a +0 kite shield (worn)
Jewellery
 d - a ring of see invisible (left hand)
Wands
 l - a wand of mindburst (10)
 p - a wand of flame (21)
 q - a wand of iceblast (8)
Scrolls
 b - 2 scrolls of teleportation {unknown}
 c - a scroll of holy word {unknown}
 e - a scroll of blinking {unknown}
 f - 6 scrolls of identify {unknown}
 j - 2 scrolls of amnesia {unknown}
 k - a scroll of immolation {unknown}
 n - a scroll of vulnerability {unknown}
 o - 2 scrolls of enchant armour {unknown}
 s - a scroll of summoning {unknown}
 y - a scroll of fear {unknown}
Potions
 g - 2 potions of haste {unknown}
 i - 2 potions of lignification {unknown}
 r - a potion of cancellation {unknown}
 u - a potion of magic {unknown}
 v - 2 potions of flight {unknown}
 x - a potion of ambrosia {unknown}
 z - 2 potions of degeneration {unknown}


   Skills:
 - Level 3.6 Fighting
 + Level 13.2 Axes
 - Level 2.4 Armour
 - Level 2.1 Dodging
 + Level 5.6 Shields


You had 8 spell levels left.
You didn't know any spells.
Your spell library was empty.

Dungeon Overview and Level Annotations

Branches:
Dungeon (6/15)
 Temple: D:4-7

Altars:
Cheibriados
Hepliaklqana
Nemelex Xobeh
Okawaru
Wu Jian

Annotations:
D:6 1 transporter, mg7810's ghost, novice MiFi


Innate Abilities, Weirdness & Mutations

You have a pair of horns on your head.
You reflexively headbutt those who attack you in melee.


Message History

You hit mg7810's ghost but do no damage.
You block mg7810's ghost's attack. You block the vampire's attack.
The vampire bites you.
The vampire draws strength from your injuries!
You hit the vampire but do no damage.
The vampire is moderately damaged.
You hit mg7810's ghost but do no damage.
You hit the vampire.
You headbutt the vampire, but do no damage.
The vampire is heavily damaged.
You hit mg7810's ghost but do no damage.
You feel the effects of Trog's Hand fading.
Mg7810's ghost hits you.
You are electrocuted!
* * * LOW HITPOINT WARNING * * *
The vampire hits you.
* * * LOW HITPOINT WARNING * * *
You block the vampire's attack.
You slash the vampire!
The vampire is severely damaged.
You hit mg7810's ghost but do no damage.
You barely miss the vampire. You headbutt the vampire!
The vampire is almost destroyed.
You completely miss mg7810's ghost.
Mg7810's ghost hits you but does no damage.
The vampire hits you but does no damage.
The vampire bites you!
* * * LOW HITPOINT WARNING * * *
The vampire draws strength from your injuries!
There is a transporter landing site here.
You feel a strong urge to attack something.
You are no longer berserk.
You are exhausted.
You feel yourself slow down.
Your skin stops crawling.
You feel less strong-willed. Mg7810's ghost hits you!
* * * LOW HITPOINT WARNING * * *
Okay, then.
Unknown command.
The vampire throws a javelin.
The javelin pierces through you!
You die...

...####### #.........#
..###...# #.....###.##
.......## #...### #..## #.
..#....### ###..## ##..####..#
######...####...## ##.#...#
##......##....###### ##.....#
#..........©.......###......#
#.#...#############.#........#
..
###.#....$(!.@.©#..........# .
#.#...........#..........#
#.#..##.VW##..#.........#.#
#.#..#8...8#..#.........##.#
#.#..##...##..#........## #.
#.#.....©.....#.......##
#.#..##...##..#.......# ..
#.#..#8...8#..#.......# ..#
#.#..##...##.5#.......# #.#


You could see a vampire (invisible) and mg7810's ghost.

Vanquished Creatures
  Pikel (D:6)
  Sigmund (D:5)
  Menkaure (D:5)
  Edmund (D:5)
  Duvessa (D:5)
  A water moccasin (D:6)
  An orc warrior (D:3)
  A lemure (D:6)
  A kobold brigand (D:6)
  Blork the orc (D:5)
  A bullfrog (D:6)
  A scorpion (D:5)
  Dowan (D:5)
  A water moccasin skeleton (D:5)
  A centaur zombie (D:3)
  A hound (D:4)
  A bullfrog skeleton (D:5)
  A gnoll shaman (D:4)
  3 orc priests
  A centaur skeleton (D:6)
  2 iguanas
  Ijyb (D:3)
  Terence (D:2)
  An orc wizard (D:3)
  2 scorpion zombies (D:5)
  A howler monkey zombie (D:6)
  8 gnolls
  5 adders
  A shadow imp (D:6)
  A white imp (D:5)
  A howler monkey simulacrum (D:6)
  An adder skeleton (D:4)
  3 worms
  2 dart slugs
  21 orcs
  9 endoplasms
  3 giant cockroaches
  9 goblins
  6 hobgoblins
  16 kobolds
  2 quokkas
  8 ball pythons
  7 bats
  2 frilled lizards
  3 rats (D:3)
138 creatures vanquished.

Vanquished Creatures (others)
  9 plants (D:6)
9 creatures vanquished.

Grand Total: 147 creatures vanquished

Notes
Turn   | Place    | Note
-------+----------+-------------------------------------------
     0 | D:1      | lnt the Minotaur Berserker began the quest for the Orb.
     0 | D:1      | Reached XP level 1. HP: 19/19 MP: 0/0
   142 | D:1      | Reached skill level 4 in Axes
   428 | D:1      | Reached XP level 2. HP: 26/26 MP: 1/1
   938 | D:2      | Noticed Terence
   982 | D:2      | Killed Terence
   983 | D:2      | Reached skill level 5 in Axes
   983 | D:2      | Reached XP level 3. HP: 31/31 MP: 2/2
  1151 | D:2      | Reached skill level 6 in Axes
  1151 | D:2      | Reached XP level 4. HP: 27/39 MP: 3/3
  1151 | D:2      | Reached ** piety under Trog
  1660 | D:2      | Found a faded altar of an unknown god.
  1823 | D:2      | Found an ornate altar of the Wu Jian Council.
  2021 | D:3      | Reached skill level 7 in Axes
  2021 | D:3      | Reached XP level 5. HP: 43/45 MP: 4/4
  2085 | D:3      | Found an iron altar of Okawaru.
  2115 | D:3      | Noticed an orc warrior
  2143 | D:3      | Killed an orc warrior
  2144 | D:3      | Reached skill level 8 in Axes
  2151 | D:3      | Reached XP level 6. HP: 51/51 MP: 5/5
  2417 | D:3      | Noticed Ijyb
  2472 | D:3      | Killed Ijyb
  2635 | D:3      | Found a sparkling altar of Nemelex Xobeh.
  2750 | D:3      | Reached skill level 9 in Axes
  2969 | D:4      | Found a hazy altar of Hepliaklqana.
  3293 | D:4      | Reached *** piety under Trog
  3721 | D:4      | Reached XP level 7. HP: 57/57 MP: 6/6
  4197 | D:5      | Entered Level 5 of the Dungeon
  4399 | D:5      | Noticed Edmund
  4413 | D:5      | Killed Edmund
  4414 | D:5      | Reached skill level 10 in Axes
  4477 | D:5      | Noticed Sigmund
  4482 | D:5      | Killed Sigmund
  4564 | D:5      | Reached skill level 11 in Axes
  4947 | D:5      | Noticed Blork the orc
  4951 | D:5      | Reached XP level 8. HP: 49/64 MP: 7/7
  5176 | D:5      | Killed Blork the orc
  5238 | D:5      | Noticed Menkaure
  5263 | D:5      | Killed Menkaure
  5264 | D:5      | Reached skill level 12 in Axes
  5427 | D:5      | Found a snail-covered altar of Cheibriados.
  5515 | D:5      | Found an ornate altar of the Wu Jian Council.
  5590 | D:5      | Noticed Dowan
  5592 | D:5      | Noticed Duvessa
  5605 | D:5      | Killed Duvessa
  5605 | D:5      | Killed Dowan
  6700 | D:6      | Found a transporter.
  6892 | D:6      | Noticed Pikel
  6903 | D:6      | Killed Pikel
  6904 | D:6      | Reached skill level 13 in Axes
  6904 | D:6      | Reached skill level 5 in Shields
  6904 | D:6      | Reached XP level 9. HP: 70/70 MP: 8/8
  7295 | D:6      | Found a transporter.
  7303 | D:6      | Noticed mg7810's ghost (novice MiFi)
  7338 | D:6      | Hit by a javelin thrown by a vampire

Illustrated notes

Levels and vault maps discovered:
D:1:      onia_arrival_mini_maze_b, layout_loops_ring
D:2:      layout_loops_cross, basic_altar, dreamdust_ecumenical_altar_statues,
          nrook_mini_vaults, amcnicky_mini_corridor_feature, uniq_terence
D:3:      layout_loops_cross, nemelex_spade_bored_becter,
          mainiacjoe_overflow_small_starburst, uniq_ijyb
D:4:      layout_loops_corners, nicolae_overflow_crystal_walls
D:5:      layout_cave_pools, mainiacjoe_overflow_cross_hatched,
          mainiacjoe_overflow_24_doors, mumra_transporter_accident,
          chequers_hall_statues_y, sigmund_edmund_badplayer, uniq_blork_the_orc,
          uniq_duvessa, uniq_menkaure
D:6:      layout_layer_cave, minmay_temple_entry_overgrown,
          gammafunk_ghost_mausoleum, uniq_pikel

Skill      XL: |  1  2  3  4  5  6  7  8 |
---------------+-------------------------+-----
Axes           | 4 5 6 7 8 9 11 13 | 13.2
Shields        | 5 |  5.6
Fighting       | |  3.6
Armour         | |  2.4
Dodging        | |  2.1

Action                   |  1- 3 |  4- 6 |  7- 9 || total
-------------------------+-------+-------+-------++-------
Melee: Hand axe          |    60 |   186 |   171 ||   417
       Headbutt          |     5 |    31 |    36 ||    72
Invok: Berserk           |     1 |     2 |     7 ||    10
       Trog's Hand       |       |     1 |     7 ||     8
Armor: Animal skin       |     4 |       |       ||     4
       Leather armour    |     4 |       |       ||     4
       Scale mail        |     7 |    92 |    57 ||   156
Dodge: Dodged            |    37 |    83 |    46 ||   166
Block: Kite shield       |       |       |    34 ||    34
